[Event "Titled Tuesday Blitz April 05 Late 2022"]
[White "Do Valle Cardoso, Lucas"]
[Black "Yuan, Qingyu"]
[WhiteFideId "2163144"]
[BlackFideId "8609772"]
[WhiteElo "2331"]
[BlackElo "2359"]
[Result "0-1"]
[Round "07"]
[TimeControl "180+1"]
[Date "2022.04.05"]
[WhiteClock "0:00:01"]
[BlackClock "0:00:24"]

1. e4 c6 2. d4 d5 3. Nc3 dxe4 4. Nxe4 Nf6 5. Nxf6+ exf6 6. c3 Bd6 7. Bd3 O-O 8. Qc2 Re8+ 9. Ne2 h5 10. Be3 Nd7 11. O-O-O Nf8 12. Kb1 Be6 13. c4 Rc8 14. Nc3 Bb4 15. Ne4 Be7 16. Nc5 Bxc5 17. dxc5 Qe7 18. h3 Rcd8 19. g4 h4 20. Rhe1 Nd7 21. Bh7+ Kh8 22. Bf5 Nf8 23. Rxd8 Rxd8 24. a3 Qc7 25. f4 Qd7 26. Bxe6 Nxe6 27. f5 Nd4 28. Qd3 Nf3 29. Qxd7 Rxd7 30. Rf1 Ne5 31. Bf2 Nxc4 32. Kc1 Rd3 33. Bxh4 Rxh3 34. Bf2 Ne5 35. Kc2 Nxg4 36. Bd4 Nh6 37. b4 a6 38. a4 Rh4 39. Kc3 Kh7 40. Kc4 Rh5 41. Re1 Nxf5 42. Kc3 Rh3+ 43. Kc4 Rh4 44. Kc3 Nxd4 45. Re7 g5 46. Rxb7 Kg6 47. Rd7 Ne2+ 48. Kb3 g4 49. Rd2 Nf4 0-1


[Site "https://www.chess.com"]

[Event "Titled Tuesday Blitz April 05 Late 2022"]
[White "Dubov, Daniil"]
[Black "Sanal, Vahap"]
[WhiteFideId "24126055"]
[BlackFideId "6300545"]
[WhiteElo "2791"]
[BlackElo "2603"]
[Result "1-0"]
[Round "07"]
[TimeControl "180+1"]
[Date "2022.04.05"]
[WhiteClock "0:00:53"]
[BlackClock "0:00:09"]

1. d4 Nf6 2. Nf3 d5 3. c4 e6 4. g3 Bb4+ 5. Nbd2 O-O 6. Bg2 b6 7. O-O Bb7 8. Ne5 Nbd7 9. Qa4 Bd6 10. Nxd7 Qxd7 11. Qxd7 Nxd7 12. cxd5 Bxd5 13. e4 Bb7 14. Rd1 Rfd8 15. Nc4 Be7 16. Be3 Rac8 17. Rac1 h6 18. f3 c5 19. dxc5 Nxc5 20. Bf1 g5 21. h3 h5 22. g4 h4 23. Kf2 f6 24. Be2 e5 25. Na3 Ne6 26. Rxd8+ Bxd8 27. Bc4 Kf7 28. Nb5 Be7 29. Nc7 Rxc7 30. Bxe6+ Kxe6 31. Rxc7 1-0


[Site "https://www.chess.com"]

[Event "Titled Tuesday Blitz April 05 Late 2022"]
[White "Estrada Nieto, Julian"]
[Black "Coelho, Ramyres Santana"]
[WhiteFideId "5101018"]
[BlackFideId "2120690"]
[WhiteElo "2252"]
[BlackElo "1888"]
[Result "1-0"]
[Round "07"]
[TimeControl "180+1"]
[Date "2022.04.06"]
[WhiteClock "0:01:32"]
[BlackClock "0:00:53"]

1. e4 c5 2. Nf3 d6 3. d4 cxd4 4. Qxd4 Nc6 5. Bb5 Qa5+ 6. Nc3 Qxb5 7. Nxb5 Nxd4 8. Nfxd4 Kd8 9. Be3 a6 10. Nc3 e5 11. Nde2 Nf6 12. O-O-O Be6 13. Bg5 Be7 14. Bxf6 gxf6 15. Nd5 Bxd5 16. Rxd5 Rc8 17. Ng3 Rc5 18. Rhd1 Rxd5 19. Rxd5 Kd7 20. Nf5 Rc8 21. Kd2 Rc5 22. Rd3 Ke6 23. Rh3 d5 24. f3 dxe4 25. fxe4 Rc4 26. Kd3 Rb4 27. b3 Rb6 28. Rxh7 Rc6 29. Rh8 Bb4 30. c4 b5 31. h4 Rc7 32. Rd8 Be7 33. Re8 Rd7+ 34. Ke3 bxc4 35. bxc4 a5 36. h5 a4 37. h6 a3 38. Rxe7+ Rxe7 39. Nxe7 Kxe7 40. h7 1-0


[Site "https://www.chess.com"]

[Event "Titled Tuesday Blitz April 05 Late 2022"]
[White "Ezat, Mohamed"]
[Black "Pesotskiy, Mikhail"]
[WhiteFideId "10600906"]
[BlackFideId "34164453"]
[WhiteElo "2386"]
[BlackElo "2010"]
[Result "1-0"]
[Round "07"]
[TimeControl "180+1"]
[Date "2022.04.06"]
[WhiteClock "0:02:14"]
[BlackClock "0:02:33"]

1. d4 Nf6 2. c4 e6 3. Nc3 Bb4 4. e3 O-O 5. a3 Bxc3+ 6. bxc3 c5 7. Bd3 d6 8. e4 Nc6 9. Ne2 e5 10. O-O b6 11. f3 Ba6 12. Bg5 Na5 13. f4 Bxc4 14. fxe5 dxe5 15. Bxf6 g6 16. Bxd8 1-0


[Site "https://www.chess.com"]

[Event "Titled Tuesday Blitz April 05 Late 2022"]
[White "Fedoseev, Vladimir"]
[Black "Sadhwani, Raunak"]
[WhiteFideId "24130737"]
[BlackFideId "35093487"]
[WhiteElo "2726"]
[BlackElo "2616"]
[Result "1-0"]
[Round "07"]
[TimeControl "180+1"]
[Date "2022.04.05"]
[WhiteClock "0:00:36"]
[BlackClock "0:00:02"]

1. e4 e5 2. Nf3 Nc6 3. Bb5 Nf6 4. d3 Bc5 5. Bxc6 dxc6 6. Nbd2 Be6 7. O-O Nd7 8. Re1 Bb6 9. Nf1 f6 10. d4 O-O 11. Be3 Bg4 12. c3 exd4 13. cxd4 c5 14. d5 Ne5 15. Bf4 Nxf3+ 16. gxf3 Bh3 17. Ne3 Qd7 18. Kh1 c4 19. d6 Bxe3 20. Rxe3 cxd6 21. Qd4 Be6 22. Rd1 Rfd8 23. Bxd6 Qf7 24. f4 Bd7 25. Rg3 g6 26. f5 Bc6 27. f3 g5 28. e5 fxe5 29. Rxg5+ 1-0


[Site "https://www.chess.com"]

[Event "Titled Tuesday Blitz April 05 Late 2022"]
[White "Fishbein, Alexander"]
[Black "Kazakouski, Valery"]
[WhiteFideId "2000377"]
[BlackFideId "13507443"]
[WhiteElo "2442"]
[BlackElo "2524"]
[Result "0-1"]
[Round "07"]
[TimeControl "180+1"]
[Date "2022.04.05"]
[WhiteClock "0:00:03"]
[BlackClock "0:00:06"]

1. e4 c5 2. Nf3 a6 3. c3 d5 4. exd5 Qxd5 5. d4 Bg4 6. Be2 Nf6 7. O-O e6 8. Be3 cxd4 9. cxd4 Nc6 10. Nc3 Qd6 11. h3 Bh5 12. Rc1 Be7 13. Qb3 Qb4 14. Qc2 O-O 15. Rfd1 Rfd8 16. a3 Qd6 17. d5 exd5 18. Nd4 Bg6 19. Qb3 Rab8 20. Bf3 Ne5 21. Be2 b5 22. Bf4 Rbc8 23. Bxe5 Qxe5 24. Bf3 Rc4 25. Nce2 Rdc8 26. Rxc4 dxc4 27. Qc3 Ne4 28. Bxe4 Qxe4 29. Ng3 Qb7 30. Ngf5 Bf6 31. Nd6 Qc7 32. Nxc8 Qxc8 33. Qe3 h6 34. Re1 Kh7 35. Re2 Qd7 36. Nf3 Qd1+ 37. Kh2 Bd3 38. Rd2 Qb1 39. Nd4 Qf1 40. f4 Qb1 41. g4 Qf1 42. Nf3 Qb1 43. Ne5 Bxe5 44. fxe5 Bg6 45. Rf2 Qd1 46. Qd2 Qb3 47. Qc3 Qa4 48. Re2 Qd1 49. Re1 Qd5 50. Qe3 Qe6 51. Qf4 a5 52. Rd1 b4 53. Rd6 Qc8 54. axb4 axb4 55. e6 fxe6 56. Qe5 c3 57. bxc3 bxc3 58. Qxe6 Qc7 59. Qd7 Qc5 60. Rd5 Qf2+ 0-1


[Site "https://www.chess.com"]

[Event "Titled Tuesday Blitz April 05 Late 2022"]
[White "Foisor, Sabina-Francesca"]
[Black "Dobre, Claudiu-Cristian"]
[WhiteFideId "1212915"]
[BlackFideId "1211854"]
[WhiteElo "2243"]
[BlackElo "2207"]
[Result "1-0"]
[Round "07"]
[TimeControl "180+1"]
[Date "2022.04.06"]
[WhiteClock "0:00:15"]
[BlackClock "0:00:02"]

1. d4 d5 2. c4 c6 3. Nf3 Nf6 4. Nbd2 Bf5 5. Nh4 e6 6. Qb3 Qb6 7. Nxf5 exf5 8. c5 Qxb3 9. axb3 Nbd7 10. b4 a6 11. e3 Rc8 12. Bd3 g6 13. Nb3 Be7 14. O-O O-O 15. Bd2 Ne8 16. f3 Ndf6 17. Be1 Nc7 18. Na5 f4 19. e4 Rb8 20. g3 Ne6 21. Bf2 Bd8 22. Nb3 Bc7 23. Kg2 Rbd8 24. e5 Nh5 25. g4 Nhg7 26. h4 h5 27. g5 Nf5 28. Bxf5 gxf5 29. Nc1 a5 30. bxa5 Ra8 31. b4 b6 32. cxb6 Bxb6 33. Nb3 Ba7 34. Rfc1 Rfc8 35. Rc2 Rab8 36. Ra4 Kf8 37. Kf1 Ke7 38. Ke2 Kd7 39. Kd3 Rb5 40. Be1 Nf8 41. Bd2 Ng6 42. Be1 Rcb8 43. Nc1 Nf8 44. Ne2 Ne6 45. Rc1 R8b7 46. Ra2 Bb8 47. Rac2 Rc7 48. Bd2 Ba7 49. Bxf4 Nxf4+ 50. Nxf4 Rxb4 51. Ne2 Ke6 52. Rxc6+ Rxc6 53. Rxc6+ Kd7 54. Ra6 Bb8 55. Rb6 Bc7 56. Rxb4 1-0


[Site "https://www.chess.com"]

[Event "Titled Tuesday Blitz April 05 Late 2022"]
[White "Galego, Luis"]
[Black "Rorrer, Grayson"]
[WhiteFideId "1900072"]
[BlackFideId "30944996"]
[WhiteElo "2516"]
[BlackElo "2122"]
[Result "0-1"]
[Round "07"]
[TimeControl "180+1"]
[Date "2022.04.06"]
[WhiteClock "0:00:01"]
[BlackClock "0:00:01"]

1. e4 e5 2. Nf3 Nc6 3. Nc3 Nf6 4. g3 Bc5 5. Bg2 d6 6. O-O O-O 7. d3 h6 8. Be3 Nd4 9. Bxd4 exd4 10. Ne2 Bg4 11. Qd2 Bxf3 12. Bxf3 c6 13. Bg2 Re8 14. Nf4 a5 15. a4 Kh7 16. h4 Re5 17. Nh3 Re8 18. Nf4 Re5 19. Nh3 d5 20. f4 Re8 21. Nf2 Rb8 22. e5 Nd7 23. Bh3 b5 24. b3 Bb4 25. Qe2 Nc5 26. f5 Bc3 27. Ra2 bxa4 28. bxa4 Qc7 29. Ng4 Nd7 30. f6 g6 31. h5 Nxe5 32. Nxe5 Rxe5 33. hxg6+ Kxg6 34. Qf3 Rg5 35. Bf5+ Kxf6 36. Kg2 Rbg8 37. Bh7+ Kg7 38. Bxg8 Kxg8 39. Ra3 Bb4 40. Raa1 c5 41. Rad1 Bc3 42. Rf2 c4 43. Rdf1 f5 44. Rh1 cxd3 45. Rxh6 d2 46. Re6 Qd7 47. Qe2 Kf8 48. Re5 Kg7 49. Qa6 d1=Q 0-1


[Site "https://www.chess.com"]

[Event "Titled Tuesday Blitz April 05 Late 2022"]
[White "Gatterer, Florian"]
[Black "Ashiev, Eduard"]
[WhiteFideId "811688"]
[BlackFideId "4130090"]
[WhiteElo "2218"]
[BlackElo "2004"]
[Result "1-0"]
[Round "07"]
[TimeControl "180+1"]
[Date "2022.04.06"]
[WhiteClock "0:00:19"]
[BlackClock "0:00:01"]

1. b3 d5 2. Nf3 Nf6 3. Bb2 e6 4. e3 c5 5. c4 Nc6 6. cxd5 exd5 7. Bb5 Bd6 8. O-O O-O 9. d4 Be6 10. dxc5 Bxc5 11. Nc3 Rc8 12. Rc1 Ne7 13. Ne2 Ng6 14. Ned4 Ne4 15. Nxe6 fxe6 16. Bd3 Ng5 17. Bxg6 Nxf3+ 18. gxf3 hxg6 19. Rxc5 Rxc5 20. Bxg7 Rf5 21. Bb2 Rc7 22. Qd4 Rh7 23. Rc1 Rxf3 24. Kf1 Qf8 25. Rc2 Rf5 26. Ke1 Qe8 27. h4 Rf8 28. Rc7 Rff7 29. Rc2 Qd8 30. Rc5 Rc7 31. Rxc7 Qxc7 32. Qf6 Qc8 33. Qxg6+ Kf8 34. Qxh7 Qc2 35. Qg7+ Ke8 36. Qc3 Qb1+ 37. Ke2 Qxa2 38. Kf3 Qa6 39. h5 Qf1 40. Qh8+ 1-0


[Site "https://www.chess.com"]

[Event "Titled Tuesday Blitz April 05 Late 2022"]
[White "Gledura, Benjamin"]
[Black "Melkumyan, Hrant"]
[WhiteFideId "712779"]
[BlackFideId "13302485"]
[WhiteElo "2326"]
[BlackElo "2604"]
[Result "0-1"]
[Round "07"]
[TimeControl "180+1"]
[Date "2022.04.05"]
[WhiteClock "0:00:19"]
[BlackClock "0:01:39"]

1. e4 e5 2. Nf3 Nc6 3. Bc4 Nf6 4. d3 Be7 5. O-O O-O 6. Nc3 d6 7. a3 Be6 8. Nd5 Nb8 9. Ba2 Nbd7 10. c3 Bxd5 11. exd5 Ne8 12. Re1 f5 13. Nd2 Bg5 14. g3 Nef6 15. f4 Bh6 16. Nf3 exf4 17. Nd4 fxg3 18. Bxh6 gxh2+ 19. Kh1 gxh6 20. Nxf5 Ne5 21. Qd2 Nfg4 22. Nxh6+ Kh8 23. Nxg4 Nxg4 24. Rf1 Qh4 0-1


[Site "https://www.chess.com"]

[Event "Titled Tuesday Blitz April 05 Late 2022"]
[White "Gogolev, Artem"]
[Black "Quintiliano Pinto, Renato R."]
[WhiteFideId "4116615"]
[BlackFideId "2117568"]
[WhiteElo "2126"]
[BlackElo "2439"]
[Result "1-0"]
[Round "07"]
[TimeControl "180+1"]
[Date "2022.04.06"]
[WhiteClock "0:01:31"]
[BlackClock "0:01:04"]

1. d4 Nf6 2. Nf3 e6 3. c4 b6 4. g3 Bb7 5. Bg2 Bb4+ 6. Nbd2 O-O 7. O-O d5 8. Qc2 Qc8 9. Ne5 Nbd7 10. cxd5 Nxe5 11. dxe5 Nxd5 12. Ne4 Be7 13. Bg5 h6 14. Bxe7 Nxe7 15. Rac1 Nd5 16. Rfd1 Rd8 17. Qb3 Qb8 18. h4 a5 19. a3 Qa7 20. h5 Rac8 21. Qf3 Rf8 22. Qg4 Kh8 23. Rd3 f5 24. exf6 Nxf6 25. Nxf6 Rxf6 26. Rd7 1-0


[Site "https://www.chess.com"]

[Event "Titled Tuesday Blitz April 05 Late 2022"]
[White "Golubev, Mikhail"]
[Black "Adewumi, Tanitoluwa"]
[WhiteFideId "14100983"]
[BlackFideId "30966396"]
[WhiteElo "2374"]
[BlackElo "2545"]
[Result "0-1"]
[Round "07"]
[TimeControl "180+1"]
[Date "2022.04.06"]
[WhiteClock "0:01:07"]
[BlackClock "0:00:38"]

1. e4 c5 2. Nf3 Nc6 3. Nc3 e5 4. Bc4 d6 5. d3 h6 6. Nd2 Nf6 7. Nf1 Be7 8. Ne3 O-O 9. O-O Be6 10. Ned5 Na5 11. Nxf6+ Bxf6 12. Bd5 Rb8 13. a4 a6 14. Bd2 b5 15. axb5 axb5 16. Bxe6 fxe6 17. Qg4 Re8 18. Bxh6 b4 19. Ne2 Kf7 20. Bd2 Ke7 21. f4 exf4 22. Nxf4 Kd7 23. Nd5 Bd4+ 24. Kh1 Bxb2 25. Rf7+ Kc6 26. Bg5 Qc8 27. Rxa5 exd5 28. exd5+ Kb6 29. Qxc8 Re1+ 0-1


[Site "https://www.chess.com"]

[Event "Titled Tuesday Blitz April 05 Late 2022"]
[White "Hambleton, Aman"]
[Black "Piesik, Piotr"]
[WhiteFideId "2606577"]
[BlackFideId "1136194"]
[WhiteElo "2552"]
[BlackElo "2190"]
[Result "1-0"]
[Round "07"]
[TimeControl "180+1"]
[Date "2022.04.05"]
[WhiteClock "0:00:03"]
[BlackClock "0:00:18"]

1. d4 c5 2. d5 e5 3. c4 d6 4. Nc3 Be7 5. g3 Bg5 6. e3 f5 7. f4 Bf6 8. Qc2 Nh6 9. Nh3 Nf7 10. Bd3 e4 11. Be2 Nd7 12. Nf2 g5 13. g4 gxf4 14. exf4 Bd4 15. gxf5 Qh4 16. Nxe4 Nf6 17. Ng3 Rg8 18. Qd3 Nh6 19. Be3 Bxe3 20. Qxe3+ Kf7 21. O-O-O Nxf5 22. Nxf5 Bxf5 23. Bd3 Rae8 24. Qf3 Bxd3 25. Rxd3 Qh5 26. Qxh5+ Nxh5 27. Rh3 Nf6 28. Rf1 Re2 29. Rb3 b6 30. Kd1 Re7 31. Rg3 Rg6 32. Rfg1 Nh5 33. Rg5 Nxf4 34. Rf5+ Rf6 35. Rxf6+ Kxf6 36. Ng4+ Kf5 37. Nh6+ Ke5 38. Re1+ Kf6 39. Ng8+ 1-0


[Site "https://www.chess.com"]

[Event "Titled Tuesday Blitz April 05 Late 2022"]
[White "Hamidi, Amir Mohammad"]
[Black "Keymer, Vincent"]
[WhiteFideId "12563285"]
[BlackFideId "12940690"]
[WhiteElo "2273"]
[BlackElo "2557"]
[Result "0-1"]
[Round "07"]
[TimeControl "180+1"]
[Date "2022.04.05"]
[WhiteClock "0:02:24"]
[BlackClock "0:02:22"]

1. d4 Nf6 2. c4 e6 3. Nc3 Bb4 4. e3 c5 5. Ne2 d5 6. a3 Ba5 7. dxc5 dxc4 8. Qa4+ Nbd7 9. Qxc4 O-O 10. Ng3 b5 11. Qxb5 Bxc3+ 12. bxc3 Rb8 13. Qc4 Qa5 14. Be2 Ba6 0-1


[Site "https://www.chess.com"]

[Event "Titled Tuesday Blitz April 05 Late 2022"]
[White "Hasangatin, Ramil"]
[Black "Villegas, Pierre"]
[WhiteFideId "4122160"]
[BlackFideId "654183"]
[WhiteElo "2375"]
[BlackElo "2386"]
[Result "0-1"]
[Round "07"]
[TimeControl "180+1"]
[Date "2022.04.06"]
[WhiteClock "0:01:38"]
[BlackClock "0:00:46"]

1. e4 c6 2. Nf3 d5 3. d3 Qc7 4. g3 dxe4 5. dxe4 e5 6. Bg2 Nf6 7. Nbd2 Bc5 8. O-O O-O 9. Qe1 a5 10. a4 b6 11. Nc4 Nbd7 12. Nfd2 b5 13. axb5 cxb5 14. Ne3 Ba6 15. c3 b4 16. c4 Bxe3 17. Qxe3 Bxc4 18. Nxc4 Qxc4 19. Re1 Nc5 20. Qg5 h6 21. Qxe5 Nd3 22. Qf5 Nxe1 23. Bxh6 gxh6 24. Qxf6 Nxg2 25. Qxh6 Qe6 26. Qg5+ Qg6 27. Qd5 Nf4 28. Qd6 Qxd6 0-1


[Site "https://www.chess.com"]

[Event "Titled Tuesday Blitz April 05 Late 2022"]
[White "Herrera Reyes, Jose Antonio"]
[Black "Czopor, Maciej"]
[WhiteFideId "2274914"]
[BlackFideId "21805431"]
[WhiteElo "2361"]
[BlackElo "1999"]
[Result "1-0"]
[Round "07"]
[TimeControl "180+1"]
[Date "2022.04.05"]
[WhiteClock "0:00:22"]
[BlackClock "0:00:06"]

1. Nf3 Nf6 2. g3 g6 3. Bg2 Bg7 4. d3 O-O 5. Nc3 d5 6. h4 Bg4 7. Bg5 c6 8. Qd2 b5 9. a3 a5 10. Bh6 Nbd7 11. Bxg7 Kxg7 12. h5 Nxh5 13. Rh4 Ndf6 14. Ne5 b4 15. Nd1 Qc8 16. f3 Qc7 17. d4 Be6 18. g4 c5 19. gxh5 Nxh5 20. axb4 axb4 21. Rxa8 Rxa8 22. f4 f6 23. Nd3 cxd4 24. Qxb4 Ng3 25. Qc5 Qb7 26. Qxd4 Nf5 27. Qf2 Nxh4 28. Qxh4 Ra1 29. Qf2 Bf5 30. Qe3 e6 31. b3 Qc7 32. Kd2 Ra2 33. Nc3 Ra6 34. b4 h5 35. Nc5 Ra3 36. Nb5 Rxe3 37. Nxc7 Rg3 38. Bf3 h4 39. Ke1 Rg1+ 40. Kf2 Rb1 41. N5xe6+ Kf7 42. Bxd5 Rxb4 43. Nd4+ Kg7 44. Nxf5+ gxf5 45. Bf3 Rxf4 46. Ne6+ Kh6 47. Nxf4 Kg5 48. Nh3+ Kg6 49. c4 Kf7 50. c5 Ke7 51. c6 Kd6 52. Ke3 1-0


[Site "https://www.chess.com"]

[Event "Titled Tuesday Blitz April 05 Late 2022"]
[White "Hess, Robert"]
[Black "Barbosa, Evandro Amorim"]
[WhiteFideId "2022036"]
[BlackFideId "2115824"]
[WhiteElo "2557"]
[BlackElo "2454"]
[Result "0-1"]
[Round "07"]
[TimeControl "180+1"]
[Date "2022.04.05"]
[WhiteClock "0:00:06"]
[BlackClock "0:00:50"]

1. b3 d5 2. Bb2 c5 3. d3 Nc6 4. Nd2 Nf6 5. h3 e5 6. g4 Bd6 7. e3 d4 8. e4 h5 9. g5 Nd7 10. h4 Nf8 11. Ne2 Ng6 12. Ng3 Nf4 13. Nf5 Bf8 14. Nc4 g6 15. Ng3 Bg4 16. f3 Be6 17. Bc1 Qc7 18. Ne2 Bxc4 19. bxc4 Bd6 20. Bd2 O-O 21. Kf2 Kh7 22. Rb1 b6 23. Rb3 f6 24. Nxf4 exf4 25. gxf6 Rxf6 26. Be2 Ne5 27. Qg1 Raf8 28. Ke1 Qd7 29. Kd1 Bc7 30. Kc1 a6 31. Qg5 b5 32. cxb5 axb5 33. Ra3 c4 34. Bb4 Bd6 35. Bxd6 Qxd6 36. Ra7+ R6f7 37. Ra5 Qb4 38. Ra6 c3 0-1


[Site "https://www.chess.com"]

[Event "Titled Tuesday Blitz April 05 Late 2022"]
[White "Hnydiuk, Aleksander"]
[Black "Goryachkina, Aleksandra"]
[WhiteFideId "1109057"]
[BlackFideId "4147103"]
[WhiteElo "2374"]
[BlackElo "2426"]
[Result "1-0"]
[Round "07"]
[TimeControl "180+1"]
[Date "2022.04.06"]
[WhiteClock "0:00:05"]
[BlackClock "0:00:02"]

1. Nf3 d5 2. d4 Nf6 3. c4 e6 4. g3 Be7 5. Bg2 O-O 6. O-O dxc4 7. Qc2 a6 8. Qxc4 b5 9. Qc2 Bb7 10. Bd2 Ra7 11. Rc1 Be4 12. Qd1 Nbd7 13. Ba5 Qb8 14. Nbd2 Ba8 15. b4 Bd6 16. Qc2 e5 17. dxe5 Nxe5 18. Nxe5 Bxe5 19. Rab1 Bxg2 20. Kxg2 Re8 21. Nf3 Bd6 22. Nd4 Rb7 23. Qc6 Qa8 24. Rc2 Ne4 25. Kg1 Ng5 26. h4 Ne6 27. Nf5 Be5 28. Rd1 g6 29. Qd5 Rd8 30. Nh6+ Kf8 31. Qxe5 Rxd1+ 32. Kh2 Rb8 33. f3 Qd5 34. Qh8+ Ke7 35. Qxb8 Rh1+ 36. Kxh1 Qd1+ 37. Kg2 Qxc2 38. Kf2 Qc3 39. Ng8+ Kd7 40. Qb7 Qd4+ 41. Kg2 Qe3 42. Qd5+ Kc8 43. Qd3 Qe5 44. Nh6 Nd4 45. Nxf7 Qd5 46. Ng5 Qc4 47. Qxc4 bxc4 48. Kf2 c3 49. b5 c2 50. Bd2 axb5 51. Ke1 b4 52. Bc1 b3 53. axb3 Nxb3 54. Bb2 c1=Q+ 55. Bxc1 Nxc1 56. Kd2 Nb3+ 57. Kc3 Nc5 58. Nxh7 Ne6 59. Kd3 Kd7 60. Ke4 Ke7 61. Ke5 c5 62. Ng5 Nd4 63. e3 Ne2 64. g4 c4 65. Ke4 c3 66. Kd3 Ng3 67. Kxc3 Kf6 68. Ne4+ 1-0


[Site "https://www.chess.com"]

[Event "Titled Tuesday Blitz April 05 Late 2022"]
[White "Holt, Conrad"]
[Black "Jacobson, Brandon"]
[WhiteFideId "2034387"]
[BlackFideId "30901561"]
[WhiteElo "2586"]
[BlackElo "2362"]
[Result "1-0"]
[Round "07"]
[TimeControl "180+1"]
[Date "2022.04.05"]
[WhiteClock "0:00:09"]
[BlackClock "0:00:01"]

1. d4 Nf6 2. c4 g6 3. Nc3 Bg7 4. e4 d6 5. Nf3 O-O 6. h3 Nbd7 7. Bg5 e5 8. Bd3 exd4 9. Nxd4 h6 10. Bh4 c6 11. O-O Qb6 12. Nb3 a5 13. Qc2 a4 14. Nd2 Nc5 15. Be2 Qa7 16. Rad1 Re8 17. Kh1 Qa5 18. Bg3 a3 19. Bxd6 axb2 20. e5 Nfd7 21. f4 Qb6 22. Rb1 Qa7 23. Rxb2 Nf8 24. Bxc5 Qxc5 25. Nde4 Qe7 26. Nd6 Rd8 27. c5 Ne6 28. Bc4 Rf8 29. Nce4 Ra3 30. Qf2 Ra4 31. Bb3 Rb4 32. Bxe6 Rxb2 33. Bxf7+ Rxf7 34. Qxb2 Bxe5 35. Qc1 Bxd6 36. Nxd6 Be6 37. Nxf7 Qxf7 38. f5 Bxf5 39. Qxh6 Qxa2 40. Qe3 Qd5 41. Qe8+ Kg7 42. Re1 Qxc5 43. Qe7+ Qxe7 44. Rxe7+ Kf6 45. Rxb7 Ke5 46. Kg1 c5 47. Kf2 Be4 48. Re7+ Kd4 49. g4 c4 50. Rd7+ Ke5 51. Ke3 c3 52. Re7+ Kd5 53. Rd7+ 1-0


[Site "https://www.chess.com"]

[Event "Titled Tuesday Blitz April 05 Late 2022"]
[White "Ibarra Jerez, Jose Carlos"]
[Black "Harshavardhan G B"]
[WhiteFideId "2226332"]
[BlackFideId "25059009"]
[WhiteElo "2626"]
[BlackElo "1831"]
[Result "1-0"]
[Round "07"]
[TimeControl "180+1"]
[Date "2022.04.05"]
[WhiteClock "0:00:17"]
[BlackClock "0:01:43"]

1. e4 e5 2. Nf3 Nc6 3. d4 exd4 4. Nxd4 Bc5 5. Nb3 Bb6 6. Qe2 Nge7 7. Nc3 O-O 8. Be3 d6 9. O-O-O f5 10. f4 fxe4 11. g3 Bxe3+ 12. Qxe3 a5 13. Bc4+ Kh8 14. a3 Nf5 15. Qxe4 Re8 16. Qd3 Ne3 17. Rde1 Bf5 18. Qe2 a4 19. Na1 Nd4 20. Qf2 Ndxc2 21. Nxc2 Nxc2 22. Rxe8+ Qxe8 23. g4 Qe3+ 24. Qd2 Qf3 25. gxf5 Qxh1+ 26. Kxc2 c6 27. Qxd6 Qxh2+ 28. Kb1 Qg1+ 29. Ka2 Qe3 30. f6 b5 31. f7 1-0


[Site "https://www.chess.com"]

[Event "Titled Tuesday Blitz April 05 Late 2022"]
[White "Jaferian, Koosha"]
[Black "Ilyasli, Ughur"]
[WhiteFideId "12507440"]
[BlackFideId "13416197"]
[WhiteElo "2030"]
[BlackElo "2045"]
[Result "1/2-1/2"]
[Round "07"]
[TimeControl "180+1"]
[Date "2022.04.06"]
[WhiteClock "0:01:22"]
[BlackClock "0:00:15"]

1. Nf3 Nf6 2. b3 g6 3. Bb2 Bg7 4. g3 d5 5. c4 c6 6. Bg2 O-O 7. O-O Bg4 8. d4 dxc4 9. bxc4 Qb6 10. Qb3 Na6 11. e3 Qxb3 12. axb3 Nb4 13. Ne5 Bf5 14. Nc3 Bc2 15. Ra3 Rfd8 16. Rc1 Nd7 17. Nxd7 Rxd7 18. Na4 Bf5 19. Nc5 Rc7 20. e4 Bc8 21. Bc3 Na6 22. Nxa6 bxa6 23. d5 Bxc3 24. Rxc3 cxd5 25. exd5 Rb8 26. Re3 Rb4 27. Be4 Kf8 28. Bc2 Rc5 29. h4 a5 30. Bd3 Bd7 31. Bf1 a4 32. bxa4 Bxa4 33. Ra1 a5 34. Rea3 Bb3 35. Rxa5 Rxa5 36. Rxa5 Bxc4 37. Bg2 Rb1+ 38. Kh2 Rb2 39. Kg1 Rb1+ 40. Kh2 Rb2 41. Kg1 Rb1+ 1/2-1/2


[Site "https://www.chess.com"]

[Event "Titled Tuesday Blitz April 05 Late 2022"]
[White "Javakhadze, Zurab"]
[Black "Pakleza, Zbigniew"]
[WhiteFideId "13603647"]
[BlackFideId "1119290"]
[WhiteElo "2381"]
[BlackElo "2467"]
[Result "1-0"]
[Round "07"]
[TimeControl "180+1"]
[Date "2022.04.05"]
[WhiteClock "0:00:05"]
[BlackClock "0:00:03"]

1. d4 d6 2. Nf3 Bg4 3. e3 Nf6 4. c4 c6 5. Nc3 Nbd7 6. Be2 e5 7. O-O Be7 8. Qc2 O-O 9. Rd1 Qc7 10. b3 Rfe8 11. Bb2 Bh5 12. Nh4 Bxe2 13. Qxe2 Bf8 14. dxe5 dxe5 15. Nf5 g6 16. Ng3 a5 17. Nce4 Bg7 18. h4 Rad8 19. Qf3 Nxe4 20. Nxe4 Nf8 21. Nf6+ Bxf6 22. Qxf6 Nd7 23. Qf3 Nc5 24. h5 Nd3 25. Bc3 b6 26. Qe4 Nc5 27. Qg4 Qe7 28. Rxd8 Rxd8 29. Rd1 Rxd1+ 30. Qxd1 f6 31. Qg4 Qe6 32. Qd1 Qd7 33. Qf3 Kf7 34. Bxe5 Qe6 35. Bd4 Ne4 36. Qf4 gxh5 37. Bxb6 a4 38. Qc7+ Kg6 39. f3 axb3 40. axb3 Ng5 41. Qf4 h4 42. Bd4 h3 43. g4 h5 44. Kh2 hxg4 45. fxg4 Qd7 46. Qxf6+ Kh7 47. Qxg5 Qc7+ 48. Kxh3 c5 49. Qf5+ Kh6 50. Qh5# 1-0


[Site "https://www.chess.com"]

[Event "Titled Tuesday Blitz April 05 Late 2022"]
[White "Karttunen, Mika"]
[Black "Svane, Frederik"]
[WhiteFideId "502081"]
[BlackFideId "12923044"]
[WhiteElo "2343"]
[BlackElo "2459"]
[Result "0-1"]
[Round "07"]
[TimeControl "180+1"]
[Date "2022.04.05"]
[WhiteClock "0:01:13"]
[BlackClock "0:02:03"]

1. e4 c5 2. Nf3 d6 3. d4 cxd4 4. Nxd4 Nf6 5. Nc3 Nc6 6. Bc4 Qb6 7. Nb3 Qc7 8. Be2 e6 9. g4 Be7 10. g5 Nd7 11. h4 a6 12. h5 b5 13. a3 Bb7 14. Rg1 Nce5 15. f4 Nc4 16. f5 Nde5 17. Nd4 exf5 18. exf5 O-O-O 19. f6 gxf6 20. gxf6 Bxf6 21. Nf5 Qc5 22. Rf1 Rhe8 0-1


[Site "https://www.chess.com"]

[Event "Titled Tuesday Blitz April 05 Late 2022"]
[White "Khripachenko, Alexander"]
[Black "Sanchez Alvares, Kelvin Antonio"]
[WhiteFideId "54184975"]
[BlackFideId "3906680"]
[WhiteElo "2193"]
[BlackElo "2193"]
[Result "0-1"]
[Round "07"]
[TimeControl "180+1"]
[Date "2022.04.06"]
[WhiteClock "0:00:02"]
[BlackClock "0:00:12"]

1. e4 e5 2. Nf3 Nc6 3. Nc3 Bc5 4. Nxe5 Nxe5 5. d4 Bd6 6. dxe5 Bxe5 7. Bd3 Nf6 8. O-O O-O 9. Ne2 d5 10. exd5 Qxd5 11. Ng3 Bg4 12. Qd2 Rad8 13. Qg5 Bd4 14. Qh4 h6 15. h3 Be6 16. Re1 Rfe8 17. Bd2 Bxb2 18. Rad1 Qc5 19. Be3 Qa5 20. a4 Nd5 21. Bxh6 gxh6 22. Qxh6 Bg7 23. Qh7+ Kf8 24. Nh5 Qc3 25. Re4 Ne7 26. Rde1 Bf5 27. Qxg7+ Qxg7 28. Nxg7 Bxe4 29. Nxe8 Bxd3 30. Nf6 Bxc2 31. Rc1 Rd1+ 32. Rxd1 Bxd1 33. f3 Bxa4 34. Kf2 Bc6 35. g4 b5 36. h4 a5 37. Ke3 a4 38. Kd2 b4 39. Kc2 Bxf3 40. h5 b3+ 41. Kb2 Nd5 42. Nd7+ Kg7 43. Ne5 Be2 44. Ka3 Nb6 45. g5 Nc4+ 46. Nxc4 Bxc4 0-1


[Site "https://www.chess.com"]